 Dungeon Crawl Stone Soup version 0.32-a0-702-gc29ba85809 (webtiles) character file.

Game seed: 14729716558958202261

289 Essalna the Digger (level 6, 0/32 HPs)
             Began as a Gargoyle Earth Elementalist on Mar 14, 2024.
             Killed from afar by a white imp (11 damage)
             ... with a puff of frost
             ... on level 5 of the Dungeon.
             The game lasted 00:05:04 (2510 turns).

Essalna the Digger (Gargoyle Earth Elementalist)    Turns: 2510, Time: 00:05:05

Health: 0/32       AC:  7    Str: 11    XL:     6   Next: 31%
Magic:  1/11       EV: 11    Int: 18    God:
Gold:   963        SH:  0    Dex: 10    Spells: 8/12 levels left

rFire   . . .        n - +2 dagger (venom)
rCold   . . .        (no shield)
rNeg    + . .        a - +0 robe
rPois   ∞            (no helmet)
rElec   +            l - +0 cloak
rCorr   .            (no gloves)
SInv    .            (no boots)
Will    .....        (no amulet)
Stlth   ++           (no ring)
HPRegen 0.25/turn    (no ring)
MPRegen 0.12/turn

%: no passive effects
@: no status effects
A: sickness immunity, AC +4, negative energy resistance 1, electricity
resistance, torment resistance 1, petrification resistance
a: no special abilities


You were on level 5 of the Dungeon.
You visited 1 branch of the dungeon, and saw 5 of its levels.

You collected 963 gold pieces.

Inventory:

Hand Weapons
 e - a +0 quarterstaff
 n - a +2 dagger of venom (weapon)
Missiles
 u - a throwing net
Armour
 a - a +0 robe (worn)
 l - a +0 cloak (worn)
Magical Staves
 r - a staff of fire
Jewellery
 c - a ring of ice
Scrolls
 f - a scroll of fog
 g - 2 scrolls of poison
 h - a scroll of noise
 i - a scroll of summoning
 m - a scroll of identify
 o - a scroll of teleportation
 s - a scroll of blinking
Potions
 b - a potion of magic
 d - a potion of ambrosia {unknown}
 j - 2 potions of might {unknown}
 k - 3 potions of enlightenment
 p - a potion of attraction {unknown}
 q - 2 potions of mutation {unknown}


   Skills:
 - Level 1.5 Dodging
 - Level 2.1 Stealth
 + Level 3.8 Spellcasting
 + Level 3.8 Conjurations
 + Level 5.6 Earth Magic


You had 8 spell levels left.
You knew the following spells:

 Your Spells              Type           Power      Damage    Failure   Level
a - Sandblast             Erth           46%        2d11      1%          1
b - Stone Arrow           Conj/Erth      40%        3d9       6%          3

Your spell library contained the following spells:

 Spells                   Type           Power      Damage    Failure   Level
 Passwall                 Erth           23%        N/A       4%          3
 Dazzling Flash           Conj/Hex       20%        N/A       21%         3
 Brom's Barrelling Bould  Conj/Erth      20%        2d4       22%         4
 Mephitic Cloud           Conj/Alch/Air  8%         N/A       26%         3
 Petrify                  Alch/Erth      13%        N/A       43%         4
 Curse of Agony           Necr           3%         N/A       99%         5
 Silence                  Hex/Air        1%         N/A       99%         5


Dungeon Overview and Level Annotations

Branches:
Dungeon (5/15)
 Temple: D:4-7

Altars:
Trog

Annotations:
D:4 2 runed translucent doors, Vendren's ghost, amateur BaWr


Innate Abilities, Weirdness & Mutations

You are immune to sickness and miasma.
Your stone body is resilient. (AC +4)
You are immune to poison.
You resist negative energy. (rN+)
You are resistant to electric shocks. (rElec)
You are resistant to unholy torment.
You are immune to petrification.


Message History

Casting: Sandblast (safe; 1% risk of failure)
Confirm with . or Enter, or press ? or * to list all spells.
Aiming: Sandblast (safe; 1% risk of failure)
Press: ? - help, Shift-Dir - straight line, f/p - Menkaure
Aim: Menkaure (92% to hit)
The blast of sand hits Menkaure but does no damage.
Menkaure rustles a few words.
The white imp gestures at you. The puff of frost hits you!
Casting: Sandblast (safe; 1% risk of failure)
Confirm with . or Enter, or press ? or * to list all spells.
Aiming: Sandblast (safe; 1% risk of failure)
Press: ? - help, Shift-Dir - straight line, f/p - Menkaure
Aim: Menkaure (92% to hit)
The blast of sand hits Menkaure!
Menkaure is moderately damaged.
Menkaure murmurs in an indecipherable tongue.
Menkaure barely misses you.
Casting: Sandblast (safe; 1% risk of failure)
Confirm with . or Enter, or press ? or * to list all spells.
Aiming: Sandblast (safe; 1% risk of failure)
Press: ? - help, Shift-Dir - straight line, f/p - Menkaure
Aim: Menkaure (moderately damaged, 92% to hit)
The blast of sand hits Menkaure!
Menkaure is severely damaged.
The orc wizard gestures wildly while chanting.
The orc wizard flickers and vanishes!
Deactivating autopickup; reactivate with Ctrl-A.
Menkaure hits you!
Casting: Sandblast (safe; 1% risk of failure)
Confirm with . or Enter, or press ? or * to list all spells.
Aiming: Sandblast (safe; 1% risk of failure)
Press: ? - help, Shift-Dir - straight line, f/p - Menkaure
Aim: Menkaure (severely damaged, 92% to hit)
The blast of sand hits Menkaure!
You destroy Menkaure!
An orc comes into view. It is wielding a +0 hand axe.
The white imp gestures at you. The puff of frost hits you!
You die...

.....≈. ..§≈..
........§§.§.
..≈.....≈§..#+##
#.......§......# .#
o....≈.........# .#
......5#....... .#
#......###.####.#
#..@..##.......#####
#.....##............
#..........†..######
#....>........<.....
#################$##


You could see a white imp and an orc.

Vanquished Creatures
  Menkaure (D:5)
  A phantom (D:5)
  3 iguanas
  8 adders
  A ribbon worm (D:4)
  A dart slug (D:2)
  2 orcs (D:3)
  7 endoplasms
  3 giant cockroaches
  4 goblins
  4 hobgoblins
  3 quokkas
  5 ball pythons
  2 bats
  12 frilled lizards
  7 kobolds
  5 rats
69 creatures vanquished.

Notes
Turn   | Place    | Note
-------+----------+-------------------------------------------
     0 | D:1      | Essalna the Gargoyle Earth Elementalist began the quest for
                  | the Orb.
     0 | D:1      | Reached XP level 1. HP: 10/10 MP: 3/3
   192 | D:1      | Reached XP level 2. HP: 15/15 MP: 3/5
   356 | D:1      | Reached skill level 4 in Earth Magic
   782 | D:2      | Reached XP level 3. HP: 19/19 MP: 4/6
  1415 | D:3      | Reached XP level 4. HP: 23/24 MP: 5/8
  1420 | D:3      | Learned a level 3 spell: Stone Arrow
  1521 | D:3      | Found a bloodstained altar of Trog.
  1976 | D:4      | Found a large runed translucent door.
  1976 | D:4      | Found a large runed translucent door.
  1990 | D:4      | Noticed Vendren's ghost (amateur BaWr)
  2014 | D:4      | Reached XP level 5. HP: 28/28 MP: 3/9
  2180 | D:4      | Reached skill level 5 in Earth Magic
  2474 | D:5      | Entered Level 5 of the Dungeon
  2474 | D:5      | Noticed a phantom
  2478 | D:5      | Killed a phantom
  2479 | D:5      | Reached XP level 6. HP: 30/32 MP: 6/11
  2482 | D:5      | Identified a scroll of acquirement
  2482 | D:5      | Acquired 830 gold pieces
  2504 | D:5      | Noticed Menkaure
  2510 | D:5      | Killed Menkaure
  2510 | D:5      | Killed from afar by a white imp

Illustrated notes

Levels and vault maps discovered:
D:1:      dpeg_arrival_rooms_a, layout_rooms, minmay_lizard_pond
D:2:      minmay_alternating_diamond, layout_basic
D:3:      layout_rooms, mainiacjoe_overflow_small_starburst
D:4:      layout_basic, ebering_ghost_disaster_area, st_stairs_1
D:5:      layout_basic, temple_green, cheibrodos_sewer_entry_sluice,
          nrook_campfire, kennysheep_doodads, uniq_menkaure

Skill      XL: |  1  2  3  4  5 |
---------------+----------------+-----
Earth Magic    | 4 5 |  5.6
Conjurations   | 2 3 |  3.8
Spellcasting   | 3 |  3.8
Dodging        | |  1.5
Stealth        | |  2.1

Action                     |  1- 3 |  4- 6 || total
---------------------------+-------+-------++-------
  Melee: Quarterstaff      |     6 |       ||     6
         Dagger            |       |     1 ||     1
   Cast: Sandblast         |    45 |    55 ||   100
    Use: Potion            |     2 |       ||     2
         Scroll            |     1 |     7 ||     8
 Armour: Robe              |    10 |    12 ||    22
  Dodge: Dodged            |    16 |     9 ||    25

Table legend: (Time is in decaauts)
 A = Elapsed time spent in this place.
 B = Non-inter-level travel time spent in this place.
 C = Inter-level travel time spent in this place.
 D = Time resting spent in this place.
 E = Time spent auto-exploring this place.
 F = Levels seen in this place.
 G = Mean time per level.
                   A        B        C        D        E       F      G
               +--------+--------+--------+--------+--------+-----+--------+
         Total |   2560 |   2480 |     80 |      0 |   2081 |   5 |  512.0 |
       Dungeon |   2560 |   2480 |     80 |      0 |   2081 |   5 |  512.0 |
               +--------+--------+--------+--------+--------+-----+--------+

Top non-repeatable levels by time:
     D:1: 747 daAuts
     D:2: 687 daAuts
     D:4: 591 daAuts
     D:3: 492 daAuts
     D:5: 42 daAuts
